 Dungeon Crawl Stone Soup version 0.21-a0-196-g6a663c0 (webtiles) character file.

21 namelastname112 the Magician (level 2, -1/22 HPs)
             Began as a Draconian Wizard on Aug 15, 2017.
             Slain by a goblin
             ... wielding a +0 club
              (3 damage)
             ... on level 1 of the Dungeon.
             The game lasted 00:00:51 (481 turns).

namelastname112 the Magician (Draconian Wizard)      Turns: 481, Time: 00:00:51

Health: -1/22      AC:  4    Str:  9    XL:     2   Next: 62%
Magic:  2/6        EV: 12    Int: 18    God:
Gold:   34         SH:  0    Dex:  9    Spells: 6/7 levels left

rFire    . . .     SeeInvis .   e - +0 dagger
rCold    . . .     Gourm    .   (no shield)
rNeg     . . .     Faith    .   (armour unavailable)
rPois    .         Spirit   .   a - +0 hat
rElec    .         Reflect  .   (no cloak)
rCorr    .         Harm     .   (no gloves)
MR       .....                  (no boots)
Stlth    ++........             (no amulet)
HPRegen  0.07/turn              (no ring)
MPRegen  0.10/turn              (no ring)

@: very slightly contaminated
A: unfitting armour, cold-blooded, AC +4
a: no special abilities


You were on level 1 of the Dungeon.
You were not hungry.

You visited 1 branch of the dungeon, and saw 1 of its levels.

You collected 34 gold pieces.

Inventory:

Hand Weapons
 e - a +0 dagger (weapon)
Armour
 a - a +0 hat (worn)
Scrolls
 g - a scroll of remove curse {unknown}
Books
 b - a book of Minor Magic

   Spells                             Type                      Level
   a - Magic Dart                     Conjuration                  1
   b - Blink                          Translocation                2
   c - Call Imp                       Summoning                    2
   d - Slow                           Hexes                        2
   e - Conjure Flame                  Conjuration/Fire             3
   f - Mephitic Cloud                 Conjuration/Poison/Air       3
Comestibles
 c - 2 bread rations
 f - 2 fruits


   Skills:
 + Level 0.9 Fighting
 + Level 2.1 Dodging
 - Level 1.7 Stealth
 + Level 3.0 Spellcasting
 * Level 2.0 Conjurations
   Level 1.0 Summonings
   Level 1.0 Translocations


You had 6 spell levels left.
You knew the following spells:

 Your Spells              Type           Power        Failure   Level  Hunger
z - Magic Dart            Conj           #...         7%          1    None


Dungeon Overview and Level Annotations

Branches:
Dungeon (1/15)

Altars:


Innate Abilities, Weirdness & Mutations

Your plain brown scales are hard. (AC +4)
You cannot fit into any form of body armour.
You are cold-blooded and may be slowed by cold attacks.


Message History

You are too injured to fight recklessly!
You are too injured to fight recklessly!
You are too injured to fight recklessly!
The bat barely misses you. The bat hits you. The giant cockroach misses you.
There is an open door here.
You take 1 damage, and have 7/22 hp.
You closely miss the bat. The bat hits you but does no damage.
The hobgoblin hits you.
* * * LOW HITPOINT WARNING * * *
The giant cockroach closely misses you.
You take 5 damage, and have 2/22 hp.
MASSIVE DAMAGE!!
You barely miss the bat. The bat closely misses you.
The bat hits you but does no damage. The goblin hits you but does no damage.
The hobgoblin misses you.
The giant cockroach bites you but does no damage.
You hit the bat.
The bat is heavily wounded.
The bat hits you but does no damage. The bat closely misses you.
The goblin hits you with a club.
You die...

#.#.....##...#
#.#..........#
#.#.....(....#
#.#..........#
#.#..........#
#.#..........#
#.###........#
#b# #........#
##@###........#
#ggs..........#
#...)......
#..........
#........##
#........#
.........#
..........#
...........#


You could see a giant cockroach, a hobgoblin, a goblin and a bat.

Vanquished Creatures
  A dart slug (D:1)
  2 bats (D:1)
  A giant cockroach (D:1)
  A goblin (D:1)
  4 hobgoblins (D:1)
  A ball python (D:1)
  A frilled lizard (D:1)
  3 kobolds (D:1)
  4 rats (D:1)
18 creatures vanquished.

Notes
Turn   | Place    | Note
-------+----------+-------------------------------------------
     0 | D:1      | namelastname112 the Draconian Wizard began the quest for the Orb.
     0 | D:1      | Reached XP level 1. HP: 14/14 MP: 4/4
   253 | D:1      | Reached XP level 2. HP: 22/22 MP: 4/6
   481 | D:1      | Slain by a goblin

Vault maps used:
D:1:      erik_arrival_triangle_small

Skill      XL: |  1  2 |
---------------+-------+-----
Dodging        | 2 |  2.1
Conjurations   | 2 |  2.0
Fighting       | |  0.9
Stealth        | |  1.7
Spellcasting   | |  3.0
Summonings     | |  1.0
Translocations | |  1.0

Action                   || total
-------------------------++-------
Melee: Unarmed           ||    20
       Tailslap          ||     5
       Dagger            ||    25
 Cast: Magic Dart        ||    26
 Stab: Sleeping          ||     1
Armor: Skin              ||    18
Dodge: Dodged            ||    42
